 Dungeon Sprint DCSS version 0.30-a0-177-g1cb5dbfd7a (webtiles) character file.

Game seed: 16265621817590122468

3 hellse the Insei (level 1, 0/17 HPs)
             Began as a Gnoll Transmuter on Oct 2, 2022.
             Constricted to death by Jessica (2 damage)
             ... in the Dungeon (Sprint III: "The Ten Rune Challenge").
             The game lasted 00:00:20 (65 turns).

hellse the Insei (Gnoll Transmuter)                   Turns: 65, Time: 00:00:21

Health: 0/17       AC:  2    Str:  9    XL:     1   Next: 50%
Magic:  5/6        EV: 10    Int: 12    God:
Gold:   9          SH:  0    Dex: 12    Spells: 9/10 levels left

rFire   . . .      SeeInvis .      - Unarmed
rCold   . . .      Faith    .    (no shield)
rNeg    . . .      Spirit   .    a - +0 robe
rPois   .          Reflect  .    (helmet currently unavailable)
rElec   .          Harm     .    (no cloak)
rCorr   .          Rampage  .    (no gloves)
Will    .....      NoTele   +    (boots currently unavailable)
Stlth   +.........               (no amulet)
HPRegen 0.22/turn                (no ring)
MPRegen 0.10/turn                (no ring)

@: appendages, grasped by roots, slowed, constricted, very slow
A: horns 2, talons 2, fangs 1, strong nose, distributed training
a: End Transformation


You were in the Dungeon.
You had temporarily grown beastly horns and talons.
You visited 1 branch You collected 9 gold pieces.

Inventory:

Armour
 a - a +0 robe (worn)
Magical Staves
 i - a staff of death
Scrolls
 h - a scroll of blinking
Potions
 b - a potion of lignification
 c - a potion of curing
 d - a potion of heal wounds
 e - a potion of haste
 f - 2 potions of magic
 g - a potion of berserk rage


   Skills:
 + Level 2.6 Fighting
 + Level 0.7 Short Blades
 + Level 0.7 Long Blades
 + Level 0.7 Axes
 + Level 0.7 Maces & Flails
 + Level 0.7 Polearms
 + Level 0.7 Staves
 + Level 0.7 Ranged Weapons
 + Level 0.7 Throwing
 + Level 0.7 Armour
 + Level 4.5 Dodging
 + Level 0.7 Stealth
 + Level 0.7 Shields
 + Level 6.5 Unarmed Combat
 + Level 5.0 Spellcasting
 + Level 0.5 Conjurations
 + Level 0.5 Hexes
 + Level 0.5 Summonings
 + Level 0.5 Necromancy
 + Level 0.5 Translocations
 + Level 3.7 Transmutations
 + Level 0.5 Fire Magic
 + Level 0.5 Ice Magic
 + Level 0.5 Air Magic
 + Level 0.5 Earth Magic
 + Level 0.5 Poison Magic
 + Level 0.9 Invocations
 + Level 0.7 Evocations


You had 9 spell levels left.
You knew the following spells:

 Your Spells              Type           Power      Damage    Failure   Level
a - Beastly Appendage     Tmut           24%        N/A       4%          1

Your spell library contained the following spells:

 Spells                   Type           Power      Damage    Failure   Level
 Wereblood                Tmut           12%        N/A       6%          2
 Spider Form              Tmut/Pois      8%         N/A       26%         3
 Ice Form                 Ice/Tmut       8%         N/A       63%         4


Dungeon Overview and Level Annotations

Branches:
Dungeon (1/1)

Altars:

Annotations:
D Jessica


Innate Abilities, Weirdness & Mutations

You have temporarily grown beastly horns and talons.
You have very sharp teeth.
Your uncanny sense of smell can sniff out nearby items.
Your experience applies equally to all skills.


Message History

Confirm with . or Enter, or press ? or * to list all spells.
You grow a pair of large bovine horns.
Your feet morph into talons.
Unknown command.
You punch the rat!
You kill the rat!
No target in view!
No target in view!
Jessica the Apprentice Sorceress comes into view.
She is wielding a +0 club and carrying a wand of roots (7).
Casting: Beastly Appendage (safe; 4% risk of failure)
Confirm with . or Enter, or press ? or * to list all spells.
You extend your transformation's duration.
Jessica casts a spell at you.
You feel yourself slow down. Jessica hits you with a +0 club.
Jessica casts a spell.
Jessica seems to speed up.
You barely miss Jessica. You claw Jessica. You headbutt Jessica.
Your bite misses Jessica.
Jessica is severely wounded.
Jessica gestures wildly while chanting.
Jessica blinks!
Jessica casts a spell at you. Pain shoots through your body!
Jessica casts a spell at you. Pain shoots through your body!
You are too injured to fight recklessly!
Jessica drinks a potion.
Jessica is healed!
Jessica closely misses you.
You hit Jessica but do no damage. You claw Jessica.
Jessica is heavily wounded.
Jessica hits you with a +0 club.
* * * LOW HITPOINT WARNING * * *
Jessica zaps a wand.
The roots erupt in riotous growth!
The grasping roots grab you!
Jessica is unaffected.
The grasping roots constrict you.
* * * LOW HITPOINT WARNING * * *
You hear a shout! x2
You hit Jessica.
Jessica is severely wounded.
Jessica closely misses you. The grasping roots constrict you.
You die...

▓<..#...####
▓...#......##
▓..##.......#∆∆
▓##.##.##...#∆∆
##.##.###..#
▓#.####.##..#
▓.###..##..##
▓#.....##..#
###..##.@.#
##..##..@.#
#..###..##.#
#..# #.. ##
▓▓▓▓ ▓▓▓


You could see Jessica (fast).

Vanquished Creatures
  2 endoplasms (D)
  A rat (D)
3 creatures vanquished.

Notes
Turn   | Place    | Note
-------+----------+-------------------------------------------
     0 | D        | hellse the Gnoll Transmuter began the quest for the Orb.
     0 | D        | Reached XP level 1. HP: 17/17 MP: 6/6
    15 | D        | Reached skill level 5 in Spellcasting
    57 | D        | Noticed Jessica
    65 | D        | Constricted to death by Jessica

Illustrated notes

Levels and vault maps discovered:
D:        dungeon_sprint_mu [sprint_mu_entry_cave, sprint_mu_temple_rooms,
          sprint_mu_d1_spiders, sprint_mu_d2_genie, sprint_mu_d3_branching,
          sprint_mu_orc_legion, sprint_mu_elf_gauntlet, sprint_mu_hive_nellie,
          sprint_mu_lair_fedhas, sprint_mu_vaults_butterflies,
          sprint_mu_slime_circle, sprint_mu_swamp_cave, sprint_mu_snake_twists,
          sprint_mu_blade_basic, sprint_mu_crypt_chambers,
          sprint_mu_tomb_spiral, sprint_mu_vestibule_basic,
          sprint_mu_gehenna_hellfire, sprint_mu_dis_giant,
          sprint_mu_tartarus_statrot, sprint_mu_cocytus_islands, sprint_mu_zot1]

Skill      XL: |  1 |
---------------+----+-----
Spellcasting   | 5 |  5.0
Fighting       | |  2.6
Short Blades   | |  0.7
Long Blades    | |  0.7
Axes           | |  0.7
Maces & Flails | |  0.7
Polearms       | |  0.7
Staves         | |  0.7
Ranged Weapons | |  0.7
Throwing       | |  0.7
Armour         | |  0.7
Dodging        | |  4.5
Stealth        | |  0.7
Shields        | |  0.7
Unarmed Combat | |  6.5
Conjurations   | |  0.5
Hexes          | |  0.5
Summonings     | |  0.5
Necromancy     | |  0.5
Translocations | |  0.5
Transmutations | |  3.7
Fire Magic     | |  0.5
Ice Magic      | |  0.5
Air Magic      | |  0.5
Earth Magic    | |  0.5
Poison Magic   | |  0.5
Invocations    | |  0.9
Evocations     | |  0.7

Action                   || total
-------------------------++-------
Melee: Unarmed           ||     8
       Kick              ||     2
       Headbutt          ||     1
 Cast: Beastly Appendage ||     3
Dodge: Dodged            ||     5

Table legend: (Time is in decaauts)
 A = Elapsed time spent in this place.
 B = Non-inter-level travel time spent in this place.
 C = Inter-level travel time spent in this place.
 D = Time resting spent in this place.
 E = Time spent auto-exploring this place.
 F = Levels seen in this place.
 G = Mean time per level.
                   A        B        C        D        E       F      G
               +--------+--------+--------+--------+--------+-----+--------+
         Total |     67 |     67 |      0 |     21 |      0 |   1 |   67.0 |
       Dungeon |     67 |     67 |      0 |     21 |      0 |   1 |   67.0 |
               +--------+--------+--------+--------+--------+-----+--------+

Top non-repeatable levels by time:
       D: 67 daAuts
